 Dungeon Crawl Stone Soup version 0.17.1-1-g73c8601 (webtiles) character file.

34 ventricule the Cudgeler (level 3, -1/29 HPs)
             Began as a Formicid Chaos Knight on Dec 23, 2015.
             Slain by a centaur (6 damage)
             ... on level 3 of the Dungeon.
             The game lasted 00:01:27 (1076 turns).

ventricule the Cudgeler (Formicid Chaos Knight)     Turns: 1076, Time: 00:01:29

Health: -1/29      AC:  5    Str: 16    XL:     3   Next: 50%
Magic:  3/3        EV:  9    Int: 11    God:    Xom [..*...]
Gold:   17         SH: 10    Dex: 11    Spells: 0 memorised, 2 levels left

rFire  . . .     SeeInvis +     a - +0 mace (chaos)
rCold  + . .     Clarity  .     b - +2 leather armour
rNeg   . . .     SustAt   +     e - +2 shield {rC+}
rPois  .         Gourm    .     (helmet unavailable)
rElec  .         Spirit   .     (no cloak)
rCorr  .         Warding  .     (no gloves)
rMut   .         Stasis   +     (no boots)
MR     .....                    (no amulet)
Stlth  +.........               (no ring)
                                f - ring of sustain attributes

@: not resistant to hostile enchantments, very unstealthy
A: permanent stasis, dig shafts and tunnels, four strong arms, antennae 3
a: Dig, Shaft Self, Renounce Religion


You were on level 3 of the Dungeon.
You worshipped Xom.
You were a toy of Xom.
You were not hungry.

You visited 1 branch of the dungeon, and saw 3 of its levels.

You collected 17 gold pieces.


Innate Abilities, Weirdness & Mutations

You are under a permanent stasis effect.
You can dig through walls and to a lower floor.
Your four strong arms can wield two-handed weapons with a shield.
You have a pair of large antennae on your head (SInv).


   Skills:
 - Level 3.2 Fighting
 + Level 3.7 Maces & Flails
 - Level 2.1 Armour
 - Level 0.8 Dodging
 + Level 2.2 Shields


You had 2 spell levels left.
You didn't know any spells.

Inventory:

Hand Weapons
 a - a +0 mace of chaos (weapon)
 h - a +0 blowgun
Missiles
 i - 9 poisoned needles
Armour
 b - a +2 leather armour (worn)
 e - a +2 shield of cold resistance (worn)
Jewellery
 f - a ring of sustain attributes (left hand)
Comestibles
 c - 2 bread rations
 d - a meat ration
 g - a royal jelly

Dungeon Overview and Level Annotations

Branches:
Dungeon (3/15)

Altars:

▒▒▒ , ,..▒ ▒.▒ ░░░░ ░ ░ ▒
▒.▒ , ,, , ░ ▒.▒.▒ ░░░ ░░░
▒▒▒.▒.▒.▒▒▒▒▒▒▒░░ ░ , ,,
,......c....>...,,{ , ,
,,,,,,,, ,,▒a▒▒▒ ░ ░░░ ░░░
░░░░░ ,░▒▒▒▒▒▒▒.(.▒▒▒▒▒▒▒▒▒
░ ,,
,,......................,
░░▒▒▒▒.▒▒▒▒▒▒▒▒.▒.▒▒▒▒▒▒▒▒▒░
,,,..▒▒.▒ ▒.........▒,,,, ,
, ░▒.▒▒.▒ ▒.▒▒▒.▒▒▒.▒, ░ ░ ░
,░ ▒.▒▒.▒ ▒.▒..... .▒,░ ,░
▒.▒▒.▒ ▒.▒.▒.▒.▒.▒,░ ,
▒.▒▒.▒ ▒.▒.▒...▒.▒ ░


You could see a centaur.


Message History

You see here an arrow.
The centaur unwields an uncursed shortbow.
The centaur hits you.
* * * LOW HITPOINT WARNING * * *
You see here an arrow.
You barely miss the centaur.
The centaur hits you but does no damage.
You block the centaur's attack.
You hit the centaur.
The centaur is moderately wounded.
The centaur hits you but does no damage.
You completely miss the centaur.
The centaur is moderately wounded.
The centaur hits you.
* * * LOW HITPOINT WARNING * * *
The centaur hits you.
* * * LOW HITPOINT WARNING * * *
You barely miss the centaur.
The centaur is moderately wounded.
You block the centaur's attack. The centaur hits you.
* * * LOW HITPOINT WARNING * * *
You hit the centaur.
The centaur is moderately wounded.
The centaur hits you but does no damage.
The centaur barely misses you.
You hit the centaur but do no damage.
The centaur is moderately wounded.
The centaur hits you.
You die...
Xom guffaws!

Action                   || total
-------------------------++-------
Melee: Mace              ||    53
 Abil: Dig               ||     2
       Shaft Self        ||     1
 Stab: Sleeping          ||     2
       Paralysed         ||     1
  Eat: Chunk             ||     1

Vault maps used:
D:1:      evilmike_arrival_rings, minmay_misc_feat_tiny
D:2:      minitemple, first_bread, serial_undead, serial_undead_a,
          serial_undead_b, serial_undead_d, serial_undead_c, serial_undead_e
D:3:      nrook_mini_vaults

Notes
Turn   | Place    | Note
--------------------------------------------------------------
     0 | D:1      | ventricule the Formicid Chaos Knight began the quest for the Orb.
     0 | D:1      | Reached XP level 1. HP: 18/18 MP: 1/1
   161 | D:1      | XOM: potion effect (agility)
   172 | D:1      | Reached skill level 1 in Shields
   172 | D:1      | Reached XP level 2. HP: 22/24 MP: 2/2
   598 | D:1      | XOM: divination: detect creatures
   639 | D:1      | XOM: harmless Fire miscast
   680 | D:2      | Reached skill level 2 in Shields
   680 | D:2      | Reached XP level 3. HP: 29/29 MP: 3/3
   702 | D:2      | Noticed a wasp
   702 | D:2      | a worm changed into a wasp
   702 | D:2      | XOM: polymorph worm -> wasp
   708 | D:2      | You fall through a shaft!
   917 | D:3      | XOM: divination: detect items
  1027 | D:3      | XOM: divination: magic mapping
  1065 | D:3      | Noticed a centaur
  1076 | D:3      | Slain by a centaur

Vanquished Creatures
  A hound skeleton (D:2)
  A bat skeleton (D:2)
  3 goblins
  5 hobgoblins (D:1)
  3 bats
  3 giant cockroaches
  3 kobolds
19 creatures vanquished.
